 Dungeon Crawl Stone Soup version 0.30-a0-1163-gf69bf04e7a (webtiles) character file.

Game seed: 17139705409972541392

9 Esekla the Sneak (level 2, -1/21 HPs)
             Began as an Octopode Delver on Apr 29, 2023.
             Succumbed to an adder's poison
             ... on level 5 of the Dungeon.
             The game lasted 00:02:24 (509 turns).

Esekla the Sneak (Octopode Delver)                   Turns: 509, Time: 00:02:25

Health: -1/21      AC:  1    Str: 11    XL:     2   Next: 12%
Magic:  2/2        EV: 18    Int: 12    God:
Gold:   6          SH:  0    Dex: 13    Spells: 1/1 levels left

rFire   . . .        a - +0 falchion
rCold   . . .        (no shield)
rNeg    . . .        (helmet restricted)
rPois   .            (no amulet)
rElec   .            c - ring of willpower
rCorr   .            g - +5 ring of evasion
SInv    .            (no ring)
Will    +....        (no ring)
Stlth   ++++         (no ring)
HPRegen 0.23/turn    (no ring)
MPRegen 0.08/turn    (no ring)
                     (no ring)

%: no passive effects
@: lethally poisoned (-1 -> -7)
A: almost no armour, amphibious, 8 rings, camouflage 1, gelatinous body 1,
(nimble swimmer 1), tentacles
a: no special abilities


You were on level 5 of the Dungeon.
You visited 2 branches of the dungeon, and saw 2 of its levels.

You collected 6 gold pieces.

Inventory:

Hand Weapons
 a - a +0 falchion (weapon)
Jewellery
 c - a ring of willpower (left tentacle)
 g - a +5 ring of evasion (right tentacle)
Wands
 f - a wand of digging (3)
Scrolls
 b - a scroll of fog
 d - a scroll of fear
Potions
 e - a potion of haste


   Skills:
 * Level 3.1 Fighting
 * Level 2.1 Long Blades
 * Level 2.1 Dodging
 + Level 6.8 Stealth
 * Level 0.2 Spellcasting


You had one spell level left.
You didn't know any spells.
Your spell library was empty.

Dungeon Overview and Level Annotations

Branches:
Dungeon (5/15)             Temple (1/1) D:5

Altars:
Ashenzari
Cheibriados
Dithmenos
Elyvilon
Fedhas
Hepliaklqana
Kikubaaqudgha
Makhleb
Nemelex Xobeh
Okawaru
Qazlal
Ru
Sif Muna
Trog
Uskayaw
Vehumet
Wu Jian
Xom
Yredelemnul
Zin
The Shining One


Innate Abilities, Weirdness & Mutations

You cannot wear most types of armour.
You are amphibious.
You can wear up to eight rings at the same time.
Your skin changes colour to match your surroundings (Stealth+).
Your rubbery body absorbs attacks. (AC +1, EV +1)
((You are camouflaged when in or above water. (Stealth+)))
You have tentacles for arms and can constrict up to eight enemies at once.


Message History

Found a radiant altar of Vehumet.
Found an ornate altar of the Wu Jian Council.
Found a white marble altar of Elyvilon.
There is a shimmering altar of Xom here.
Done exploring.
Search for what [? for help]?
Gozag Can't find anything matching that.
(D) Dungeon (T) Temple
Where to? (? - help)
There is a staircase back to the Dungeon here.
You climb upwards.
There is a staircase to the Ecumenical Temple here.
As you open the door, it creaks loudly!
You hear a shout! x2
Found a short sword.
There is an open door here. 2 orcs come into view.
The orc moves out of view.
An orc comes into view. It is wielding a +0 club.
You start waiting.
An orc priest comes into view. It is wielding a +0 whip.
The adder hisses angrily.
The adder bites you but does no damage.
You miss the adder. Your grab misses the adder. The adder bites you.
You are poisoned.
The adder poisons you!
You closely miss the adder. Your grab misses the adder.
Your squeeze misses the adder.
You feel sick. The adder bites you. x2
You are lethally poisoned!
The adder poisons you!
You miss the adder. Your grab misses the adder.
* * * LOW HITPOINT WARNING * * *
You feel very sick. The adder misses you. The adder barely misses you.
Okay, then.
You slash the adder! Your grab misses the adder. You squeeze the adder.
You kill the adder!
* * * LOW HITPOINT WARNING * * *
You feel sick.
You have reached level 2!
You die...

###...###....# ##.###.........##
...##.......## #......###....#*
..#####.....# #.....## ###....
.## #.....## ###....## *#.... .#
#..^...###......######....# .##
*#........................## #>##
#.....#.......#............,
##.###....###.....#..........,,,,
*#........# *#..@#....(..#..#,,,,
#.........#**#.$#......###,.#,,,,
......###............### *,,#,,,*
.###.## ###..##......# *,,*,,,,
#* #.# #.,*##....##****,,*,,,,
*#.# #*,* ##....,,,,,,,,,,,, *.##
*,* *#...#.,,,,,*,,*** *.*
*,***..#####**,,**,,* * *,*
**,,,.## ******,**


There were no monsters in sight!

Vanquished Creatures
  An adder (D:5)
1 creature vanquished.

Notes
Turn   | Place    | Note
-------+----------+-------------------------------------------
     0 | D:5      | Esekla the Octopode Delver began the quest for the Orb.
     0 | D:5      | Reached XP level 1. HP: 16/16 MP: 1/1
    75 | D:5      | Found a staircase to the Ecumenical Temple.
    81 | Temple   | Entered the Ecumenical Temple
   490 | D:5      | Noticed an orc priest
   509 | D:5      | Reached XP level 2. HP: 1/21 MP: 2/2
   509 | D:5      | Succumbed to an adder's poison

Illustrated notes

Levels and vault maps discovered:
D:5:      layout_layer_cave, nicolae_gozag_cash_rules_everything_around_me,
          minmay_temple_entry_hall, amcnicky_mini_rare_corridor_liquid
Temple:   roderic_octagonal_lattice_temple

Action                     || total
---------------------------++-------
  Melee: Falchion          ||     4
         Tentacles         ||     1
    Use: Scroll            ||     1
 Armour: Skin              ||     1
  Dodge: Dodged            ||     2

Table legend: (Time is in decaauts)
 A = Elapsed time spent in this place.
 B = Non-inter-level travel time spent in this place.
 C = Inter-level travel time spent in this place.
 D = Time resting spent in this place.
 E = Time spent auto-exploring this place.
 F = Levels seen in this place.
 G = Mean time per level.
                   A        B        C        D        E       F      G
               +--------+--------+--------+--------+--------+-----+--------+
         Total |    509 |    484 |     25 |     15 |    329 |   2 |  254.5 |
       Dungeon |    134 |    133 |      1 |     15 |      0 |   1 |  134.0 |
        Temple |    374 |    350 |     24 |      0 |    329 |   1 |  374.0 |
               +--------+--------+--------+--------+--------+-----+--------+

Top non-repeatable levels by time:
  Temple: 374 daAuts
     D:5: 134 daAuts
